 Dungeon Crawl Stone Soup version 0.20-a0-1018-ge435b50 (console) character file.

624 Garrluk the Carver (level 7, -7/52 HPs)
             Began as a Formicid Fighter on Apr 17, 2017.
             Was an Initiate of the Shining One.
             Killed from afar by Ijyb (18 damage)
             ... with a wand of lightning (?/15)
             ... on level 5 of the Dungeon.
             The game lasted 00:08:55 (3411 turns).

Garrluk the Carver (Formicid Fighter)               Turns: 3411, Time: 00:08:55

Health: -7/52      AC: 10    Str: 23    XL:     7   Next: 76%
Magic:  7/7        EV:  6    Int:  7    God:    the Shining One [......]
Gold:   195        SH:  9    Dex: 10    Spells: 6/6 levels left

rFire    . . .     SeeInvis +   a - +0 long sword
rCold    + . .     Gourm    .   c - +0 shield
rNeg     . . .     Faith    .   t - +0 chain mail
rPois    .         Spirit   .   (helmet unavailable)
rElec    .         Reflect  .   w - +0 cloak
rCorr    .         Harm     .   (no gloves)
MR       .....                  (no boots)
Stlth    ..........             (no amulet)
Regen    0.2/turn               x - ring of protection from cold
MPRegen  0.1/turn               (no ring)

@: glowing
A: permanent stasis, dig shafts and tunnels, four strong arms, antennae 3
a: Dig, Shaft Self, Renounce Religion


You were on level 5 of the Dungeon.
You worshipped the Shining One.
The Shining One was noncommittal.
You were not hungry.

You visited 2 branches of the dungeon, and saw 6 of its levels.

You collected 195 gold pieces.

Notes
Turn   | Place    | Note
-------+----------+-------------------------------------------
     0 | D:1      | Garrluk the Formicid Fighter began the quest for the Orb.
     0 | D:1      | Reached XP level 1. HP: 18/18 MP: 1/1
   131 | D:1      | Reached XP level 2. HP: 20/24 MP: 2/2
   437 | D:1      | Reached skill level 3 in Long Blades
   785 | D:2      | Reached XP level 3. HP: 29/29 MP: 3/3
   894 | D:2      | Reached XP level 4. HP: 20/35 MP: 4/4
  1041 | D:2      | Reached skill level 4 in Long Blades
  1495 | D:3      | Reached XP level 5. HP: 41/41 MP: 5/5
  1619 | D:3      | Found an ancient bone altar of Kikubaaqudgha.
  1672 | D:3      | Reached skill level 5 in Long Blades
  2051 | D:4      | Reached XP level 6. HP: 47/47 MP: 6/6
  2057 | D:4      | Reached skill level 6 in Long Blades
  2129 | D:4      | Found an iron altar of Okawaru.
  2155 | D:4      | Found a staircase to the Ecumenical Temple.
  2168 | Temple   | Entered the Ecumenical Temple
  2361 | Temple   | Became a worshipper of the Shining One
  2624 | D:3      | Found a white marble altar of Elyvilon.
  2745 | D:5      | Entered Level 5 of the Dungeon
  2745 | D:5      | Noticed a sky beast
  2750 | D:5      | Killed a sky beast
  2750 | D:5      | Reached skill level 7 in Long Blades
  2750 | D:5      | Reached XP level 7. HP: 35/52 MP: 7/7
  3213 | D:5      | Reached skill level 8 in Long Blades
  3404 | D:5      | Noticed Ijyb
  3411 | D:5      | Killed from afar by Ijyb

Inventory:

Hand Weapons
 a - a +0 long sword (weapon)
Missiles
 e - 7 tomahawks (quivered)
Armour
 c - a +0 shield (worn)
 t - a +0 chain mail (worn)
   (You found it on level 2 of the Dungeon)
 w - a +0 cloak (worn)
   (You found it on level 3 of the Dungeon)
Jewellery
 x - a ring of protection from cold (left hand)
   (You found it on level 3 of the Dungeon)
Scrolls
 g - a scroll of teleportation {unknown}
 h - 2 scrolls of immolation {unknown}
 k - 3 scrolls of fear {unknown}
 p - a scroll of blinking {unknown}
 r - 6 scrolls of remove curse {unknown}
 y - 3 scrolls of recharging {unknown}
 A - 2 scrolls of identify {unknown}
 B - 2 scrolls of enchant weapon {unknown}
 C - a scroll of amnesia {unknown}
Potions
 b - 2 potions of flight {unknown}
 i - a potion of cancellation {unknown}
 j - 5 potions of agility {unknown}
 l - 2 potions of brilliance {unknown}
 m - a potion of degeneration {unknown}
 o - a potion of curing {unknown}
 q - 2 potions of heal wounds {unknown}
 s - 2 potions of mutation {unknown}
 u - a potion of invisibility
Comestibles
 f - 3 bread rations
 v - 3 royal jellies
 z - 3 fruits

Table legend:
 A = Turns spent in this place as a percentage of turns spent in the entire game.
 B = Non-inter-level travel turns spent in this place as a percentage of non-inter-level travel turns spent in the entire game.
 C = Inter-level travel turns spent in this place as a percentage of turns spent in this place.
 D = Turns resting spent in this place as a percentage of non-inter-level travel turns spent in this place.
 E = Turns spent auto-exploring this place as a percentage of non-inter-level travel turns spent in this place.
 F = Non-inter-level travel turns spent in this place divided by the number of levels of this place that you've seen.
                   A       B       C       D       E      F
               +-------+-------+-------+-------+-------+----------------------
         Total | 100.0 | 100.0 |   0.9 |   1.2 |  12.0 | 169.3
       Dungeon |  97.2 |  97.3 |   0.7 |   1.2 |  10.5 | 197.8
        Temple |   2.8 |   2.7 |   6.9 |   0.0 |  66.7 |  27.0
               +-------+-------+-------+-------+-------+----------------------


   Skills:
 - Level 3.2 Fighting
 * Level 8.1 Long Blades
 - Level 3.2 Armour
 - Level 3.6 Shields


You had 6 spell levels left.
You didn't know any spells.

Dungeon Overview and Level Annotations

Branches:
Dungeon (5/15)             Temple (1/1) D:4

Altars:
Ashenzari
Cheibriados
Dithmenos
Elyvilon
Fedhas
Gozag
Hepliaklqana
Kikubaaqudgha
Makhleb
Okawaru
Qazlal
Ru
Sif Muna
Wu Jian
Xom
Yredelemnul
The Shining One

Annotations:
D:5 Ijyb


Innate Abilities, Weirdness & Mutations

You cannot be hasted, slowed, berserked, paralysed or teleported.
You can dig through walls and to a lower floor.
Your four strong arms can wield two-handed weapons with a shield.
You have a pair of large antennae on your head. (SInv)


Message History

Ijyb zaps a wand.
The bolt of lightning hits you!
It is a wand of lightning (?/15).
Ijyb zaps a wand.
The bolt of lightning hits you!
* * * LOW HITPOINT WARNING * * *
You block Ijyb's attack.
You hit Ijyb.
Ijyb is lightly wounded.
Ijyb drinks a potion.
Ijyb flickers and vanishes for a moment.
You hit Ijyb but do no damage.
Ijyb is lightly wounded.
Ijyb barely misses you.
You riposte.
You hit Ijyb.
Ijyb is moderately wounded.
You slash Ijyb!
Ijyb is severely wounded.
Ijyb hits you with a club.
* * * LOW HITPOINT WARNING * * *
You closely miss Ijyb.
Ijyb is severely wounded.
Ijyb zaps a wand.
The bolt of lightning hits you!
You die...

#..........#
#..........#
#..........#
###..........#
.####.............
........##...##...
#####...##...# ...
#...##...# ..
#...###### #.......# .
#....@..# .
#....g.....#
.##..........#
##+######..............
#....................##
##.................##.#
.#.....{............ .#
......####.....###### #
..{...# #.....# ......#
#.....###
###..{####..o5....


You could see Ijyb (invisible).

Table legend:
 A = Kills in this place as a percentage of kills in entire the game.
 B = Kills by you in this place as a percentage of kills by you in the entire game.
 C = Kills by friends in this place as a percentage of kills by friends in the entire game.
 D = Other kills in this place as a percentage of other kills in the entire game.
 E = Experience gained in this place as a percentage of experience gained in the entire game.
 F = Experience gained in this place divided by the number of levels of this place that you have seen.
                   A       B       C       D       E      F
               +-------+-------+-------+-------+-------+----------------------
         Total | 100.0 | 100.0 |  -nan |  -nan | 100.0 | 148.7
       Dungeon | 100.0 | 100.0 |  -nan |  -nan | 100.0 | 178.4
               +-------+-------+-------+-------+-------+----------------------

Vanquished Creatures
  Monster Symbol All '5'
  A shadow imp (D:5)
1 creature vanquished. All 'J' An ooze (D:4)
1 creature vanquished. All 'K' 5 kobolds
5 creatures vanquished. All 'O' An ogre (D:5)
1 creature vanquished. All 'S' 3 adders 3 ball pythons
6 creatures vanquished. All 'Y' A sky beast (D:5)
1 creature vanquished. All 'Z' A centaur skeleton (D:4) 2 adder skeletons
3 creatures vanquished. All 'a' 3 worker ants
3 creatures vanquished. All 'b' 6 bats
6 creatures vanquished. All 'g' 7 gnolls 3 goblins (D:3) 9 hobgoblins
19 creatures vanquished. All 'h' 4 jackals (D:3)
4 creatures vanquished. All 'l' 6 leopard geckos 8 frilled lizards
14 creatures vanquished. All 'o' An orc priest (D:4) 4 orc wizards 10 orcs
15 creatures vanquished. All 'r' 5 quokkas 6 rats
11 creatures vanquished. All 's' 7 giant cockroaches
7 creatures vanquished. All 'w' 2 dart slugs
2 creatures vanquished.
99 creatures vanquished. Monster Nature Natural Monsters A sky beast (D:5) An ogre (D:5) An orc priest (D:4) 4 orc wizards 3 worker ants 7 gnolls 3 adders An ooze (D:4) 2 dart slugs 6 leopard geckos 10 orcs 3 ball pythons 7 giant cockroaches 3 goblins (D:3) 9 hobgoblins 4 jackals (D:3) 5 quokkas 6 bats 8 frilled lizards 5 kobolds 6 rats
95 creatures vanquished. Undead Monsters A centaur skeleton (D:4) 2 adder skeletons
3 creatures vanquished. Demonic Monsters A shadow imp (D:5)
1 creature vanquished.
99 creatures vanquished. Ascending Order A sky beast (D:5) An ogre (D:5) A centaur skeleton (D:4) An orc priest (D:4) A shadow imp (D:5) An ooze (D:4) 2 adder skeletons 2 dart slugs 3 worker ants 3 adders 3 ball pythons 3 goblins (D:3) 4 orc wizards 4 jackals (D:3) 5 quokkas 5 kobolds 6 leopard geckos 6 bats 6 rats 7 gnolls 7 giant cockroaches 8 frilled lizards 9 hobgoblins 10 orcs
99 creatures vanquished.

Action                   |  1- 3 |  4- 6 |  7- 9 || total
-------------------------+-------+-------+-------++-------
Melee: Long sword        |    73 |   252 |    60 ||   385
 Abil: Dig               |     1 |     6 |     1 ||     8
  Use: Potion            |       |       |     1 ||     1
  Eat: Chunk             |       |     7 |     3 ||    10
Armor: Scale mail        |    30 |       |       ||    30
       Chain mail        |     2 |    97 |    20 ||   119
Dodge: Dodged            |    25 |    47 |    21 ||    93
Block: Shield            |    39 |   107 |    31 ||   177
       Rpst.: Long sword |     9 |    14 |     6 ||    29
